Map: Orbital Shipyard

Players

Soyouz - Winner!

  • Race: Terran Terran
  • League: Silver

Toons

  • Race: Protoss Protoss
  • League: Silver

VOD

Have the link to the VOD?

Description

Time

  • Played on: Aug. 1, 2015, 6:31 a.m.
  • Length: 5:53
Show
View Real Time Build Order
Export as new Build Order

Soyouz Terran - Winner!

Build Orders: Reaper Expand 

Get SALT Encoding   

  12  0:00  SCV  
  13  0:12  SCV  
  14  0:22  Supply Depot  
  14  0:25  SCV  
  15  0:38  Refinery  
  15  0:44  SCV  
  15  0:45  Barracks  
  16  0:59  SCV  
  17  1:13  SCV  
  18  1:31  Orbital Command  
  18  1:34  Supply Depot, Reaper  
  19  1:58  Command Center  
  19  2:07  SCV  
  19  2:10  Command Center  
  19  2:16  Factory  
  19  2:20  Marine  
  20  2:23  SCV  
  21  2:37  Marine  
  21  2:40  SCV  
  23  2:54  SCV  
  23  2:56  Marine  
  24  3:00  Barracks  
  24  3:01  Factory Reactor  
  24  3:03  Barracks  
  24  3:05  Starport  
  24  3:06  SCV  
  24  3:12  Refinery  
  25  3:14  Marine  
  26  3:20  SCV  
  26  3:25  Orbital Command  
  27  3:36  SCV, Marine  
  27  3:38  Widow Mine  
  27  3:39  Widow Mine  
  33  3:44  Medivac  
  35  3:49  Marine  
  35  3:51  Barracks Tech Lab  
  35  3:55  SCV  
  37  3:56  Marine  
  37  4:01  Refinery  
  37  4:02  SCV  
  38  4:13  Marine  
  38  4:14  Marauder  
  38  4:16  SCV  
  42  4:17  Marine  
  42  4:23  SCV  
  44  4:31  Marine  
  44  4:37  Supply Depot  
  45  4:40  Supply Depot, SCV  
  45  4:42  Engineering Bay  
  46  4:58  Medivac, Marine x2  
  46  4:59  Marauder  
  52  5:01  Widow Mine x2  
  52  5:02  SCV  
  57  5:16  Marine  
  60  5:21  SCV  
  60  5:23  Marine  
  62  5:29  Refinery  
  62  5:32  Supply Depot  
Show
View Real Time Build Order
Export as new Build Order

Toons Protoss 

Build Orders:  

Get SALT Encoding   

  12  0:01  Probe  
  13  0:13  Probe  
  14  0:19  Pylon  
  14  0:37  Probe (Chrono Boost)  
  14  0:41  Gateway  
  15  0:44  Assimilator  
  15  0:47  Probe (Chrono Boost)  
  16  0:54  Probe  
  17  1:06  Probe (Chrono Boost)  
  18  1:13  Pylon  
  18  1:16  Probe (Chrono Boost)  
  19  1:25  Probe  
  20  1:29  Cybernetics Core  
  20  1:31  Zealot  
  22  1:37  Probe (Chrono Boost)  
  23  1:41  Assimilator  
  23  1:50  Probe (Chrono Boost)  
  24  2:00  Probe  
  25  2:07  Warp Gate (Chrono Boost)  
  25  2:09  Pylon  
  25  2:12  Adept  
  27  2:16  Mothership Core (Chrono Boost)  
  29  2:32  Nexus  
  29  2:41  Probe  
  29  2:46  Adept  
  31  3:06  Probe, Pylon  
  31  3:12  Gateway  
  32  3:16  Pylon  
  32  3:23  Probe (Chrono Boost)  
  33  3:31  Robotics Facility  
  33  3:38  Probe  
  34  3:54  Probe x2  
  36  4:18  Probe x2  
  36  4:23  Robotics Bay  
  36  4:24  Pylon  
  38  4:26  Forge  
  38  4:32  Probe (Chrono Boost)  
  38  4:33  Probe (Chrono Boost)  
  38  4:34  Observer  
  41  4:44  Probe x2 (Chrono Boost), Adept x2  
  47  4:49  Assimilator  
  47  4:51  Probe x2 (Chrono Boost)  
  49  4:54  Pylon, Assimilator  
  49  4:57  Observer  
  39  5:20  Probe (Chrono Boost)  
  39  5:21  Probe (Chrono Boost)  
  41  5:27  Stalker  
  41  5:28  Stalker  
  45  5:31  Probe x2 (Chrono Boost)  
  47  5:37  Probe (Chrono Boost)  
  47  5:38  Probe (Chrono Boost)  
Tags
 
Add a new tag
Caveats
  • Supply blocks, unpowered buildings, or Contaminate may cause inaccurate times.
  • Supply counts are checked every 10 seconds.